AoeStats
← Erickinio

Black Forest

505115926Analyzed
1v1 RM · 24d ago on Sep 7, 2026· 16m 5s· 2 players
Game mode
Random Map
Map size
Tiny (2 player)
Population
200
Speed
Normal
Resources
Standard
Victory
Conquest
Starting age
Dark Age
Ending age
Imperial Age
RankedLock teamsTeams togetherTeam positionsShared explorationLock speedFull tech treeHidden civsTurbo modeCheats
Victory
Defeat
🇦🇷 Celts · Argentina
850
+16
🇨🇴 Khmer · Colombia
856
-16
Erickinio
0:42 Loom
12:10 Feudal Age
13:06 Man-at-Arms
13:49 Double-Bit Axe
14:18 Forging
xXM4X1M4Xx
0:29 Loom
12:55 Feudal Age
14:10 Double-Bit Axe
Connection lost

Rejoining the realm…

Still unreachable

The connection could not be restored.

Session expired

The server has moved on; the page needs a fresh start.